AoeStats
← Bottm

Arena

510168352Analyzed
2v2 RM · 2d ago on Sep 29, 2026· 46m 3s· 4 players
Game mode
Random Map
Map size
Medium (4 player)
Population
200
Speed
Normal
Resources
Standard
Victory
Conquest
Starting age
Dark Age
Ending age
Imperial Age
RankedLock teamsTeams togetherTeam positionsShared explorationLock speedFull tech treeHidden civsTurbo modeCheats
Victory
Defeat
🇩🇪 Khitans · Germany
1044
+15
🇩🇪 Saxons · Germany
993
+16
🇫🇷 Burgundians · France
1025
-16
🇫🇷 Turks · France
1000
-15
King Benou
0:48 Loom
8:42 Double-Bit Axe
12:06 Feudal Age
11:39 Gold Mining
13:47 Bow Saw
15:05 Horse Collar
18:40 Castle Age
18:57 Cavalier
20:27 Scale Barding Armor
21:06 Heavy Plow
22:30 Husbandry
24:07 Chain Barding Armor
25:02 Gold Shaft Mining
27:21 Forging
29:13 Iron Casting
30:19 Wheelbarrow
29:31 Town Watch
30:49 Sanctity
30:40 Fervor
34:55 Imperial Age
34:35 Crop Rotation
36:42 Chemistry
36:45 Blast Furnace
36:22 Plate Barding Armor
35:09 Paladin
36:57 Fletching
37:08 Padded Archer Armor
37:40 Hand Cart
39:38 Masonry
40:15 Leather Archer Armor
41:25 Fortified Wall
LoiParchemin856
3:30 Loom
10:54 Feudal Age
11:24 Double-Bit Axe
16:47 Castle Age
14:40 Gold Mining
14:49 Horse Collar
16:59 Wheelbarrow
17:20 Town Watch
19:24 Bow Saw
21:27 Forging
27:06 Stone Mining
28:24 Hand Cart
32:17 Imperial Age
32:03 Treadmill Crane
32:42 Scale Barding Armor
32:38 Padded Archer Armor
32:29 Fletching
32:44 Heavy Plow
33:29 Bloodlines
33:20 Husbandry
33:51 Conscription
34:30 Fortified Wall
34:42 Ballistics
35:56 Masonry
36:26 Chain Barding Armor
36:21 Leather Archer Armor
38:36 Plate Barding Armor
39:23 Ballistics
39:37 Ring Archer Armor
39:44 Iron Casting
41:17 Guilds
43:41 Blast Furnace
44:03 Artillery
Bot LarryS
9:27 Loom
11:13 Feudal Age
12:30 Double-Bit Axe
15:31 Castle Age
13:43 Horse Collar
16:40 Scale Mail Armor
16:57 Gold Mining
23:33 Forging
23:45 Arson
24:01 Squires
25:18 Chain Mail Armor
30:13 Imperial Age
27:50 Pikeman
31:13 Iron Casting
30:28 Fletching
30:40 Padded Archer Armor
30:17 Halberdier
31:40 Bow Saw
32:37 Crossbowman
33:14 Bodkin Arrow
33:35 Leather Archer Armor
33:50 Arbalester
36:11 Wheelbarrow
35:22 Town Watch
35:40 Bracer
35:35 Elite Skirmisher
37:47 Chemistry
37:38 Thumb Ring
38:35 Ring Archer Armor
38:58 Gold Shaft Mining
39:06 Conscription
38:51 Shield Wall
40:10 Plate Mail Armor
40:16 Hand Cart
40:44 Ballistics
40:35 Fortified Wall
41:17 Elite Varangian Guard
Bottm
11:40 Feudal Age
16:17 Castle Age
15:49 Double-Bit Axe
15:46 Domestication
19:10 Husbandry
19:58 Forging
20:23 Husbandry
20:28 Husbandry
26:08 Wheelbarrow
27:20 Iron Casting
28:47 Gold Mining
29:10 Bow Saw
29:05 Pastoralism
29:16 Loom
34:05 Imperial Age
33:32 Scale Barding Armor
34:09 Hand Cart
35:20 Conscription
34:35 Heavy Camel Rider
35:31 Fortified Wall
35:04 Treadmill Crane
36:50 Ordo Cavalry
38:25 Chemistry
37:31 Siege Engineers
38:15 Chain Barding Armor
43:32 Stone Mining
44:23 Elite Steppe Lancer
Connection lost

Rejoining the realm…

Still unreachable

The connection could not be restored.

Session expired

The server has moved on; the page needs a fresh start.